 Dungeon Crawl Stone Soup version 0.29-a0-870-g2c972031a6 (webtiles) character file.

Game seed: 15079391132993863146

2 Bane the Trooper (level 1, 18/18 HPs)
             Began as a Formicid Monk on July 17, 2022.
             Was a Priest of Zin.
             Quit the game on level 1 of the Dungeon.
             The game lasted 00:00:59 (281 turns).

Bane the Trooper (Formicid Monk)                     Turns: 281, Time: 00:01:00

Health: 18/18      AC:  2    Str: 15    XL:     1   Next: 44%
Magic:  1/1        EV: 13    Int:  9    God:    Zin [***...]
Gold:   43         SH:  0    Dex: 16    Spells: 0/0 levels left

rFire   . . .      SeeInvis +   a - +0 falchion
rCold   . . .      Faith    .   (no shield)
rNeg    . . .      Spirit   .   b - +0 robe
rPois   .          Reflect  .   (helmet unavailable)
rElec   .          Harm     .   (no cloak)
rCorr   .          Rampage  .   (no gloves)
Will    .....                   (no boots)
Stlth   ++........              (no amulet)
HPRegen 0.06/turn               (no ring)
MPRegen 0.07/turn               (no ring)

@: no status effects
A: permanent stasis, dig shafts and tunnels, antennae 3, four strong arms
a: Dig, Shaft Self, Renounce Religion, Recite, Vitalisation, Imprison, Donate
Gold


You were on level 1 of the Dungeon.
You worshipped Zin.
Zin was most pleased with you.
You visited 1 branch of the dungeon, and saw 1 of its levels.

You collected 47 gold pieces.
You donated 4 gold pieces to Zin.

Inventory:

Hand Weapons
 a - a +0 falchion (weapon)
Armour
 b - a +0 robe (worn)
Potions
 c - a potion of ambrosia
 d - a potion of attraction {unknown}


   Skills:
 * Level 3.3 Fighting
 * Level 3.0 Long Blades
 * Level 0.2 Armour
 + Level 2.7 Dodging
 - Level 2.4 Stealth


You couldn't memorise any spells.
You didn't know any spells.
Your spell library was empty.

Dungeon Overview and Level Annotations

Branches:
Dungeon (1/15)

Altars:
Zin


Innate Abilities, Weirdness & Mutations

You cannot be hasted, slowed, berserked, paralysed or teleported.
You can dig through walls and to a lower floor.
You have a pair of large antennae on your head. (SInv)
Your four strong arms can wield two-handed weapons with a shield.


Message History

No target in view!
No target in view!
HP restored.
Things that are here:
a +0 dagger; a goblin corpse You open the door.
There is an open door here.
Found a stone staircase leading down.
Found a dagger.
Found an escape hatch in the floor.
You now have 32 gold pieces (gained 3).
You now have 47 gold pieces (gained 15).
You open the door.
There is an open door here.
Found a stone staircase leading down.
There is a stone staircase leading down here.
Found a dagger.
d - a fizzy inky potion You open the door.
Found a faded altar of an unknown god.
There is an open door here.
There is an open door here.
Found 4 stones.
There is an open door here.
There is a faded altar of an unknown god here.
You cannot tell which god this altar belongs to.
Convert to them anyway?
Zin accepts your prayer! Zin welcomes you!
You can now recite Zin's Axioms of Law.
You can now call upon Zin for vitalisation.
You pay a tithe of 4 gold.
You can now donate money to Zin.
You can now call upon Zin to imprison the lawless.
Are you sure you want to abandon this character and quit the game? (Confirm with "yes".)
Okay, then.
Unknown command.
Press < or > to pray at altars.
Unknown command.
Press < or > to pray at altars.
Are you sure you want to abandon this character and quit the game? (Confirm with "yes".)

####>...............'...........
#.################.....######
###.# #.....# ..#.############
#>....# #.#.##.......... #.....#
#.#.##..#######. #######
#.#.#...#8...8# .#
#.#.#..P#.###.##.#
#.......'.#5#.@#.#
#......P#.###.##.#
#.......#8...8#..##
#....)..#######...#
#.................#
#.......###.##.##.#
#...........##....#
#.......#########..(.. #.......#
####


You could see a shadow imp (petrified).

Vanquished Creatures
  A goblin (D:1)
  2 rats (D:1)
3 creatures vanquished.

Notes
Turn   | Place    | Note
-------+----------+-------------------------------------------
     0 | D:1      | Bane the Formicid Monk began the quest for the Orb.
     0 | D:1      | Reached XP level 1. HP: 18/18 MP: 1/1
   243 | D:1      | Found a faded altar of an unknown god.
   280 | D:1      | Prayed at the altar of an unknown god.
   280 | D:1      | Became a worshipper of Zin the Law-Giver
   280 | D:1      | Reached * piety under Zin
   280 | D:1      | Reached ** piety under Zin
   280 | D:1      | Reached *** piety under Zin
   281 | D:1      | Quit the game

Illustrated notes

Levels and vault maps discovered:
D:1:      giann_forest_graveyard, layout_basic,
          dreamdust_ecumenical_altar_sealed_demon

Action                   || total
-------------------------++-------
Melee: Falchion          ||     4
Armor: Robe              ||     1
Dodge: Dodged            ||     1

Table legend: (Time is in decaauts)
 A = Elapsed time spent in this place.
 B = Non-inter-level travel time spent in this place.
 C = Inter-level travel time spent in this place.
 D = Time resting spent in this place.
 E = Time spent auto-exploring this place.
 F = Levels seen in this place.
 G = Mean time per level.
                   A        B        C        D        E       F      G
               +--------+--------+--------+--------+--------+-----+--------+
         Total |    281 |    281 |      0 |      0 |    241 |   1 |  281.0 |
       Dungeon |    281 |    281 |      0 |      0 |    241 |   1 |  281.0 |
               +--------+--------+--------+--------+--------+-----+--------+

Top non-repeatable levels by time:
     D:1: 281 daAuts
